 Dungeon Crawl Stone Soup version 0.30-a0-172-gc5509c9e31 (webtiles) character file.

Game seed: 7814935575080913593

401 tbh1313 the Cleaver (level 6, -10/51 HPs)
             Began as a Minotaur Berserker on Oct 2, 2022.
             Was a Believer of Trog.
             Mangled by an ogre
             ... wielding a +0 giant spiked club
              (12 damage)
             ... on level 6 of the Dungeon.
             The game lasted 00:06:51 (3229 turns).

tbh1313 the Cleaver (Minotaur Berserker)            Turns: 3229, Time: 00:06:51

Health: -10/51     AC:  2    Str: 21    XL:     6   Next: 54%
Magic:  5/5        EV: 27    Int:  6    God:    Trog [**....]
Gold:   245        SH:  0    Dex: 10    Spells: 5/5 levels left

rFire   . . .      SeeInvis .    a - +0 hand axe
rCold   . . .      Faith    .    (no shield)
rNeg    . . .      Spirit   .    b - +0 animal skin
rPois   .          Reflect  .    (helmet restricted)
rElec   .          Harm     .    (no cloak)
rCorr   .          Rampage  .    (no gloves)
Will    .....                    (no boots)
Stlth   +.........               i - amulet of the acrobat
HPRegen 0.28/turn                (no ring)
MPRegen 0.09/turn                (no ring)

@: acrobatic
A: horns 2, retaliatory headbutt
a: Renounce Religion, Berserk, Trog's Hand


You were on level 6 of the Dungeon.
You worshipped Trog.
Trog was pleased with you.
You visited 1 branch of the dungeon, and saw 5 of its levels.

You collected 245 gold pieces.

Inventory:

Hand Weapons
 a - a +0 hand axe (weapon)
 p - a +0 shortbow
Armour
 b - a +0 animal skin (worn)
 h - a scarf of resistance
Jewellery
 i - an amulet of the acrobat (around neck)
 s - a +4 ring of slaying
Wands
 m - a wand of light (18)
 n - a wand of digging (5)
Scrolls
 c - 3 scrolls of teleportation {unknown}
 e - a scroll of blinking {unknown}
 f - 3 scrolls of fear {unknown}
 j - a scroll of noise {unknown}
 o - 2 scrolls of identify {unknown}
 r - 3 scrolls of enchant weapon {unknown}
 t - a scroll of vulnerability {unknown}
Potions
 d - 4 potions of curing {unknown}
 g - 2 potions of lignification {unknown}
 k - 3 potions of flight {unknown}
 l - a potion of heal wounds {unknown}
 q - 2 potions of haste {unknown}


   Skills:
 - Level 3.6 Fighting
 + Level 9.0 Axes
 - Level 2.4 Armour
 - Level 2.1 Dodging


You had 5 spell levels left.
You didn't know any spells.
Your spell library was empty.

Dungeon Overview and Level Annotations

Branches:
Dungeon (6/15)
 Temple: D:4-7

Altars:
Cheibriados
Nemelex Xobeh
Uskayaw
Zin


Innate Abilities, Weirdness & Mutations

You have a pair of horns on your head.
You reflexively headbutt those who attack you in melee.


Message History

The iron imp closely misses you. You furiously retaliate!
You headbutt the iron imp. You slash the iron imp! You headbutt the iron imp.
You kill the iron imp!
Trog accepts your kill.
Your Axes skill increases to level 9!
No target in view!
There is an open gate here.
Found a flail.
An ogre comes into view. It is wielding a +0 giant spiked club.
The ogre shouts!
The ogre misses you.
You hit the ogre.
The ogre is lightly wounded.
You hit the ogre. Your headbutt misses the ogre.
The ogre is lightly wounded.
The ogre closely misses you.
You hit the ogre.
The ogre is moderately wounded.
You hit the ogre but do no damage.
The ogre is moderately wounded.
The ogre barely misses you.
You hit the ogre.
The ogre is moderately wounded.
The ogre closely misses you.
You completely miss the ogre.
The ogre is moderately wounded.
You barely miss the ogre.
The ogre is moderately wounded.
The ogre hits you with a +0 giant spiked club!!
You barely miss the ogre. You headbutt the ogre.
The ogre is heavily wounded.
You barely miss the ogre.
The ogre is heavily wounded.
The ogre hits you with a +0 giant spiked club!!
Ouch! That really hurt!
* * * LOW HITPOINT WARNING * * *
The ogre attacks as you move away!
The ogre hits you with a +0 giant spiked club!
You die...

#.#.....#
#######
######.#.....#
.......
.......#.....#
.......
.#######.....#
.......
.......#.._..#
.......
.#############
....... .##
#...####.......
).#
#....O.......
#.###
#####@.......
....# #........
.##.###
###........
###...#
##...####### #
###.## ##..###
#..## #..##
##..# #.## #
##.####.# #
#......#


You could see an ogre.

Levels and vault maps discovered:
D:1:      psy_arrival_conway, layout_loops_cross,
          dilly_ecumenical_altar_fadedgnrine, hangedman_decor_clover_reticule
D:2:      layout_basic, chequers_serial_rivers_large_a, uniq_terence,
          uniq_crazy_yiuf_cottage, uniq_natasha
D:3:      layout_rooms, nicolae_uskayaw_suspiria, zin_treasury
D:4:      layout_loops_cross, corexii_item_surrounded_by_moat
D:6:      lemuel_ratsnest, layout_rooms, lemuel_blue_sif_altar,
          nemelex_diamond_rough_becter, nicolae_ru_awakened_eye, slow_altar_2,
          serial_shops, nicolae_shop_hallway_plus

Notes
Turn   | Place    | Note
-------+----------+-------------------------------------------
     0 | D:1      | tbh1313 the Minotaur Berserker began the quest for the Orb.
     0 | D:1      | Reached XP level 1. HP: 19/19 MP: 0/0
    68 | D:1      | Found a faded altar of an unknown god.
   247 | D:1      | Reached skill level 4 in Axes
   344 | D:1      | Reached XP level 2. HP: 26/26 MP: 1/1
   702 | D:2      | Noticed Terence
   713 | D:2      | Killed Terence
   714 | D:2      | Reached skill level 5 in Axes
   714 | D:2      | Reached XP level 3. HP: 30/31 MP: 2/2
   779 | D:2      | Noticed Natasha
   790 | D:2      | Killed Natasha
   791 | D:2      | Reached skill level 6 in Axes
   791 | D:2      | Reached XP level 4. HP: 39/39 MP: 3/3
   853 | D:2      | Noticed Natasha
   859 | D:2      | Killed Natasha
  1296 | D:2      | Noticed Natasha
  1305 | D:2      | Killed Natasha
  1305 | D:2      | Reached ** piety under Trog
  1306 | D:2      | Reached skill level 7 in Axes
  1306 | D:2      | Reached XP level 5. HP: 23/45 MP: 4/4
  1396 | D:2      | Found a runed translucent door.
  1397 | D:2      | Noticed Crazy Yiuf
  1508 | D:2      | Killed Crazy Yiuf
  2515 | D:3      | Found a hide-covered altar of Uskayaw.
  2578 | D:3      | Found a glowing silver altar of Zin.
  2704 | D:4      | Reached skill level 8 in Axes
  2815 | D:4      | Reached XP level 6. HP: 44/51 MP: 5/5
  3017 | D:4      | You fall into a shaft and drop 2 floors!
  3091 | D:6      | Found a sparkling altar of Nemelex Xobeh.
  3134 | D:6      | Found a snail-covered altar of Cheibriados.
  3140 | D:6      | Reached skill level 9 in Axes
  3227 | D:6      | HP: 2/51 [ogre/+0 giant spiked club (29)]
  3229 | D:6      | Mangled by an ogre

Table legend: (Time is in decaauts)
 A = Elapsed time spent in this place.
 B = Non-inter-level travel time spent in this place.
 C = Inter-level travel time spent in this place.
 D = Time resting spent in this place.
 E = Time spent auto-exploring this place.
 F = Levels seen in this place.
 G = Mean time per level.
                   A        B        C        D        E       F      G
               +--------+--------+--------+--------+--------+-----+--------+
         Total |   3283 |   3209 |     74 |    401 |   2277 |   5 |  656.6 |
       Dungeon |   3283 |   3209 |     74 |    401 |   2277 |   5 |  656.6 |
               +--------+--------+--------+--------+--------+-----+--------+

Top non-repeatable levels by time:
     D:2: 1292 daAuts
     D:1: 745 daAuts
     D:3: 668 daAuts
     D:4: 367 daAuts
     D:6: 209 daAuts

Table legend:
 A = Kills in this place as a percentage of kills in entire the game.
 B = Kills by you in this place as a percentage of kills by you in the entire game.
 C = Kills by friends in this place as a percentage of kills by friends in the entire game.
 D = Other kills in this place as a percentage of other kills in the entire game.
 E = Experience gained in this place as a percentage of experience gained in the entire game.
 F = Experience gained in this place divided by the number of levels of this place that you have seen.
                   A       B       C       D       E      F
               +-------+-------+-------+-------+-------+----------------------
         Total | 100.0 | 100.0 |   N/A |   N/A | 100.0 | 114.8
       Dungeon | 100.0 | 100.0 |   N/A |   N/A | 100.0 | 114.8
               +-------+-------+-------+-------+-------+----------------------

Action                   |  1- 3 |  4- 6 || total
-------------------------+-------+-------++-------
Melee: Hand axe          |    31 |   126 ||   157
       Headbutt          |     6 |    18 ||    24
       Punch             |       |     4 ||     4
Invok: Berserk           |     2 |     2 ||     4
 Stab: Sleeping          |       |     1 ||     1
Armor: Animal skin       |     5 |     5 ||    10
Dodge: Dodged            |    23 |    95 ||   118

Vanquished Creatures
  3 hounds
  Crazy Yiuf (D:2)
  An iron imp (D:6)
  Terence (D:2)
  Natasha (thrice) (D:2)
  4 adders
  4 gnolls (D:4)
  An ufetubus (D:4)
  3 dart slugs (D:2)
  3 orcs
  8 endoplasms
  2 giant cockroaches
  7 goblins
  11 hobgoblins
  3 jackals (D:3)
  A quokka (D:3)
  5 ball pythons
  4 bats (D:1)
  3 kobolds
  4 rats
72 creatures vanquished.
